 Dungeon Crawl Stone Soup version 0.23-a0-449-g8e4cbf7 (webtiles) character file.

4 Lavandula the Sneak (level 1, -2/15 HPs)
             Began as a Naga Air Elementalist on Nov 22, 2018.
             Slain by a goblin
             ... wielding a +0 club
             ... led by Robin
              (4 damage)
             ... on level 3 of the Dungeon.
             The game lasted 00:01:23 (133 turns).

Lavandula the Sneak (Naga Air Elementalist)          Turns: 133, Time: 00:01:24

Health: -2/15      AC:  1    Str: 10    XL:     1   Next: 60%
Magic:  1/3        EV: 10    Int: 17    God:
Gold:   23         SH:  0    Dex: 11    Spells: 3/4 levels left

rFire    . . .     SeeInvis +   (no weapon)
rCold    . . .     Gourm    .   (no shield)
rNeg     . . .     Faith    .   a - +0 robe
rPois    +         Spirit   .   (no helmet)
rElec    .         Reflect  .   (no cloak)
rCorr    .         Harm     .   (no gloves)
MR       .....                  (no barding)
Stlth    ++........             (no amulet)
HPRegen  0.05/turn              (no ring)
MPRegen  0.08/turn              (no ring)

@: very slow
A: large, stinger 1, see invisible, blink, clever 1, deformed body,
deterioration 1, poison resistance, slowness 2, slow metabolism 1, spit poison
1, AC +0
a: Spit Poison, Blink


You were on level 3 of the Dungeon.
You were not hungry.

You visited 1 branch of the dungeon, and saw 3 of its levels.

You collected 23 gold pieces.

Inventory:

Armour
 a - a +0 robe (worn)
Comestibles
 c - 2 rations


   Skills:
 - Level 1.5 Dodging
 - Level 3.0 Stealth
 + Level 2.3 Spellcasting
 - Level 1.0 Conjurations
 - Level 3.0 Air Magic


You had 3 spell levels left.
You knew the following spells:

 Your Spells              Type           Power        Failure   Level  Hunger
a - Shock                 Conj/Air       #...         9%          1    #......

Your spell library contained the following spells:

 Spells                   Type           Power        Failure   Level  Hunger
 Swiftness                Chrm/Air       #.......     16%         2    ###....
 Static Discharge         Conj/Air       #.......     24%         3    ###....
 Airstrike                Air            ##........   47%         4    #####..
 Lightning Bolt           Conj/Air       #.........   92%         5    ######.


Dungeon Overview and Level Annotations

Branches:
Dungeon (3/15)

Altars:
The Shining One

Annotations:
D:3 Robin


Innate Abilities, Weirdness & Mutations

You cannot wear boots.
Your serpentine skin is tough. (AC +0)
You have supernaturally acute eyesight. (SInv)
Armour fits poorly on your strangely shaped body.
Your system is resistant to poisons. (rPois)
You cover ground very slowly.
You have a slow metabolism.
You can spit poison.
Your tail ends in a poisonous barb.
You can translocate small distances at will.
Your mind is acute. (Int +2)
Your body sometimes deteriorates upon taking damage.


Message History

You feel jittery.
You feel clever.
You feel yourself wasting away.
A poisonous barb forms on the end of your tail.
The goblin barely misses you.
Unknown command.
Unknown command.
Okay, then.
Press: ? - help, Shift-Dir - straight line, f/p - goblin
Aim: a goblin, wielding a +0 club
Okay, then.
Casting: Shock (safe; 9% risk of failure)
Confirm with . or Enter, or press ? or * to list all spells.
Aiming: Shock (safe; 9% risk of failure)
Press: ? - help, Shift-Dir - straight line, f - goblin, p - goblin
Aim: a goblin, wielding a +0 club The zap misses the goblin. x2; The zap hits the goblin.
The goblin is moderately wounded.
The zap misses the goblin. x2; The zap hits the goblin.
The goblin is moderately wounded.
The goblin hits you with a +0 club.
You die...

. #... # . #.....##..
#.#. .......##. ..##
..._... ## ...#
.......##g
#..##.....##..
#..##...##.gg
###.#########gg## ##..##
.......@ggggg#..###.g...
...#########.#.g.#ggg###
#.#..g#.#.# #.###...#.#
#.# ##g...# #.# .....#
#.# ......# #.........+
##......#


You could see Robin and 6 goblins.

Vanquished Creatures
  A giant cockroach (D:1)
  2 goblins
3 creatures vanquished.

Notes
Turn   | Place    | Note
-------+----------+-------------------------------------------
     0 | D:1      | Lavandula the Naga Air Elementalist began the quest for the
                  | Orb.
     0 | D:1      | Reached XP level 1. HP: 15/15 MP: 3/3
   106 | D:3      | Noticed Robin
   116 | D:3      | Found a glowing golden altar of the Shining One.
   132 | D:3      | Gained mutation: You can translocate small distances at
                  | will. [potion of mutation]
   132 | D:3      | Gained mutation: Your mind is acute. (Int +2) [potion of
                  | mutation]
   132 | D:3      | Gained mutation: Your body sometimes deteriorates upon
                  | taking damage. [potion of mutation]
   132 | D:3      | Gained mutation: Your tail ends in a poisonous barb.
                  | [potion of mutation]
   133 | D:3      | Slain by a goblin

Vault maps used:
D:1:      minmay_arrival_four_houses
D:3:      tso_metal_star, minmay_goblin_outpost, uniq_ijyb, uniq_robin,
          uniq_jessica

Action                   || total
-------------------------++-------
 Cast: Shock             ||     8
 Abil: Spit Poison       ||     4
  Use: Potion            ||     1
Armor: Robe              ||     3
Dodge: Dodged            ||     7

Table legend:
 A = Non-vault XP
 B = Vault XP
 C = Vault XP percentage of total XP
 D = Non-vault monster count
 E = Vault monster count
 F = Vault count percentage of total count
                 A         B        C        D         E       F
            +---------+---------+-------+---------+---------+-------
      Total |       4 |       2 |  33.3 |       2 |       1 |  33.3
            +---------+---------+-------+---------+---------+-------
        D:1 |       2 |       0 |   0.0 |       1 |       0 |   0.0
        D:2 |       2 |       0 |   0.0 |       1 |       0 |   0.0
        D:3 |       0 |       2 | 100.0 |       0 |       1 | 100.0
            +---------+---------+-------+---------+---------+-------
